 Dungeon Crawl Stone Soup version 0.28.0-53-g5a82cb258f (webtiles) character file.

Game seed: 8460455931740050559

64 issech the Chopper (level 3, 0/33 HPs)
             Began as a Minotaur Monk on June 17, 2022.
             Slain by a gnoll
             ... wielding a +0 spear
              (5 damage)
             ... on level 3 of the Dungeon.
             The game lasted 00:03:52 (1873 turns).

issech the Chopper (Minotaur Monk)                  Turns: 1873, Time: 00:03:52

Health: 0/33       AC:  3    Str: 15    XL:     3   Next: 91%
Magic:  2/2        EV: 13    Int:  7    God:
Gold:   24         SH:  0    Dex: 14    Spells: 1/2 levels left

rFire   . . .      SeeInvis .   i - +1 dagger (speed)
rCold   . . .      Faith    .   (no shield)
rNeg    . . .      Spirit   .   b - +0 robe
rPois   .          Reflect  .   (helmet restricted)
rElec   .          Harm     .   m - +0 cloak
rCorr   .          Rampage  .   (no gloves)
Will    .....                   (no boots)
Stlth   ++........              (no amulet)
HPRegen 0.11/turn               (no ring)
MPRegen 0.08/turn               (no ring)

@: no status effects
A: horns 2, retaliatory headbutt
a: no special abilities


You were on level 3 of the Dungeon.
You visited 1 branch of the dungeon, and saw 3 of its levels.

You collected 24 gold pieces.

Inventory:

Hand Weapons
 a - a +0 hand axe
 i - a +1 dagger of speed (weapon)
Missiles
 c - 87 stones
 e - 58 arrows
 f - a throwing net
 h - 11 sling bullets
 j - 6 poisoned darts
 n - 13 bolts
Armour
 b - a +0 robe (worn)
 m - a +0 cloak (worn)
Magical Staves
 l - a staff of earth
Scrolls
 d - a scroll of immolation
 g - a scroll of silence {unknown}
 k - a scroll of identify {unknown}
Potions
 o - 2 potions of heal wounds {unknown}


   Skills:
 + Level 4.2 Fighting
 + Level 0.1 Short Blades
 + Level 4.6 Axes
 + Level 3.9 Dodging
 + Level 1.9 Stealth


You had one spell level left.
You knew the following spells:

 Your Spells              Type           Power      Damage    Failure   Level
a - Magic Dart            Conj           0%         1d3       43%         1

Your spell library contained the following spells:

 Spells                   Type           Power      Damage    Failure   Level
 Summon Small Mammal      Summ           0%         N/A       43%         1
 Searing Ray              Conj           0%         2d4       56%         2
 Call Canine Familiar     Summ           0%         N/A       80%         3
 Summon Guardian Golem    Hex/Summ       0%         N/A       80%         3
 Fulminant Prism          Conj/Hex       0%         3d6       99%         4


Dungeon Overview and Level Annotations

Branches:
Dungeon (3/15)

Altars:


Innate Abilities, Weirdness & Mutations

You have a pair of horns on your head.
You reflexively headbutt those who attack you in melee.


Message History

The hobgoblin shouts!
The ball python hisses angrily.
A gnoll comes into view.
It is wielding a +0 whip. 2 gnolls come into view.
The endoplasm quivers.
The ball python bites you. The ball python closely misses you.
The gnoll shouts!
You hit the ball python.
You kill the ball python!
You see here a ball python corpse.
The endoplasm closely misses you.
The gnoll shouts! x2
You hit the endoplasm but do no damage. You headbutt the endoplasm.
You kill the endoplasm!
The hobgoblin hits you. The hobgoblin hits you.
The gnoll hits you from afar with a +0 spear.
The hobgoblin hits you.
You hit the hobgoblin.
The hobgoblin is moderately wounded.
The gnoll misses you. The hobgoblin closely misses you.
You closely miss the hobgoblin.
The hobgoblin is moderately wounded.
The gnoll closely misses you.
You hit the hobgoblin but do no damage.
You punch the hobgoblin, but do no damage.
The hobgoblin is moderately wounded.
The gnoll barely misses you. The hobgoblin barely misses you.
You furiously retaliate!
You headbutt the hobgoblin, but do no damage.
You barely miss the hobgoblin. You headbutt the hobgoblin.
The hobgoblin is severely wounded.
The gnoll misses you. The hobgoblin hits you.
The gnoll hits you from afar with a +0 spear.
You hit the hobgoblin. You headbutt the hobgoblin.
You kill the hobgoblin!
The gnoll hits you from afar with a +0 spear. x2
* * * LOW HITPOINT WARNING * * *
The gnoll barely misses you. The gnoll misses you.
The gnoll hits you with a +0 spear.
You die...

.................
.......<......#
..............#
...............#
..#########.####
......#####.######
.................#
.................#
#.....@g.†.....#
#.....gg.......#
#..............#
#..............#
#.###++###.......
#. ....... #
....... .......


You could see 3 gnolls.

Vanquished Creatures
  2 adders (D:2)
  7 ball pythons
  6 bats
  5 endoplasms
  2 giant cockroaches
  2 goblins (D:1)
  6 hobgoblins
  3 kobolds
  3 quokkas
  6 frilled lizards (D:1)
  3 rats
45 creatures vanquished.

Notes
Turn   | Place    | Note
-------+----------+-------------------------------------------
     0 | D:1      | issech the Minotaur Monk began the quest for the Orb.
     0 | D:1      | Reached XP level 1. HP: 19/19 MP: 0/0
   436 | D:1      | Reached XP level 2. HP: 19/27 MP: 1/1
   441 | D:1      | Learned a level 1 spell: Magic Dart
   531 | D:1      | Found a faded altar of an unknown god.
   987 | D:2      | Reached XP level 3. HP: 33/33 MP: 2/2
  1873 | D:3      | Slain by a gnoll

Illustrated notes

Levels and vault maps discovered:
D:1:      amcnicky_arrival_single_pillar, layout_loops_cross,
          hellmonk_ecumenical_altar_blasted
D:2:      layout_basic
D:3:      layout_basic, nzn_wu_jian_contemplation, mainiacjoe_overflow_chevrons,
          minmay_misc_feat_x, kennysheep_generic_room_15

Skill      XL: |  1  2 |
---------------+-------+-----
Axes           | 4 |  4.6
Fighting       | 4 |  4.2
Short Blades   | |  0.1
Dodging        | |  3.9
Stealth        | |  1.9

Action                   || total
-------------------------++-------
Melee: Hand axe          ||    58
       Headbutt          ||    15
       Dagger            ||    31
       Punch             ||     1
 Stab: Sleeping          ||     5
Armor: Robe              ||    13
Dodge: Dodged            ||    83
